 Dungeon Crawl Stone Soup version 0.19.0-24-gb05acd6 (webtiles) character file.

138138 Kikal the Grappler (level 16, -12/158 HPs)
             Began as a Troll Chaos Knight on Nov 21, 2016.
             Mangled by a jumping spider (13 damage)
             ... on level 1 of the Spider Nest on Nov 22, 2016.
             The game lasted 03:19:52 (26683 turns).

Kikal the Grappler (Troll Chaos Knight)            Turns: 26683, Time: 03:19:52

Health: -12/158    AC: 19    Str: 24    XL:     16   Next: 70%
Magic:  26/26      EV:  8    Int: 15    God:    Xom [..*...]
Gold:   1889       SH:  0    Dex: 16    Spells: 9 memorised, 1 level left

rFire  . . .     SeeInvis .       - Unarmed
rCold  + + +     Gourm    +     M - +2 robe {MR+}
rNeg   . . .     Faith    .     (no shield)
rPois  +         Spirit   .     i - +1 hat {Int+3}
rElec  +         Reflect  .     H - +2 cloak {rC+}
rCorr  .         Harm     .     (gloves unavailable)
MR     +++..                    (boots unavailable)
Stlth  ++........               I - amulet of regeneration
                                A - ring of wizardry
                                v - ring of Robustness {AC+8}

@: lethally poisoned (-12 -> -13), held, repel missiles
A: unfitting armour, claws 3, talons 1, repulsion field 1, thin skeletal
structure 2, agile 1, blink, blurry vision 1, cold resistance 2, fast metabolism
3, gourmand, magic resistance 1, sense surroundings 1, poison resistance,
regeneration 3, shaggy fur 1, electricity resistance, tough skin 2
a: Blink, Renounce Religion


You were on level 1 of the Spider Nest.
You worshipped Xom.
You were a toy of Xom.
You were very full.

You visited 5 branches of the dungeon, and saw 27 of its levels.
You also visited: Ice Cave and Volcano.

You collected 2879 gold pieces.
You spent 990 gold pieces at shops.

Inventory:

Hand Weapons
 u - a +1 blowgun
Missiles
 t - 7 javelins of penetration
 x - 19 large rocks (quivered)
 K - 50 tomahawks
 Y - 5 curare-tipped needles
Armour
 i - a +1 hat of intelligence (worn)
 m - a +1 robe of fire resistance
 H - a +2 cloak of cold resistance (worn)
 M - a +2 robe of magic resistance (worn)
 Q - the +3 robe of Folly {Archmagi, MR-- Int+5}
   (You found it on level 6 of the Lair of Beasts)

   It affects your intelligence (+5).
   It affects your resistance to hostile enchantments.
Rods
 L - a +2 iron rod (13/13)
   (You found it on level 9 of the Dungeon)
Jewellery
 q - a +4 ring of protection
 v - the ring of Robustness (left claw) {AC+8}
   (You found it on level 2 of the Shoals)

   [ring of protection]

   It affects your AC (+8).
 y - an uncursed ring of protection from magic
 A - a ring of wizardry (right claw)
 F - an uncursed ring of protection from fire
 I - an amulet of regeneration (around neck)
 N - an uncursed amulet of guardian spirit
Wands
 O - a wand of iceblast (2/15)
 R - a wand of disintegration (9/24)
 Z - a wand of lightning (10/15)
Scrolls
 f - 2 scrolls of fog
 g - 7 scrolls of identify
 h - 12 scrolls of remove curse
 l - 6 scrolls of noise
 n - 2 scrolls of magic mapping
 C - 5 scrolls of teleportation
 J - 3 scrolls of blinking
 P - 5 scrolls of fear
Potions
 a - a potion of magic
 c - 4 potions of haste
 d - a potion of berserk rage
 j - 3 potions of might
 k - 3 potions of curing
 o - 3 potions of lignification
 r - 8 potions of flight
 w - a potion of ambrosia
 D - a potion of cancellation
 E - 4 potions of resistance
 G - 7 potions of brilliance
 V - 4 potions of heal wounds
Comestibles
 b - 14 bread rations
 p - 32 fruits
 s - 7 beef jerkies
 B - 2 slices of pizza


   Skills:
 + Level 10.0 Fighting
 - Level 6.1 Throwing
 - Level 6.0 Armour
 - Level 7.0 Dodging
 + Level 13.7 Unarmed Combat
 - Level 7.7 Spellcasting
 - Level 3.5 Charms
 - Level 6.0 Translocations
 + Level 7.3 Transmutations
 - Level 4.4 Ice Magic
 - Level 3.5 Air Magic
 - Level 6.0 Earth Magic


You had one spell level left.
You knew the following spells:

 Your Spells              Type           Power        Failure   Level  Hunger
a - Blink                 Tloc           N/A          1%          2    None
b - Repel Missiles        Chrm/Air       ###...       2%          2    None
c - Lesser Beckoning      Tloc           ###.......   1%          3    ##.....
d - Shroud of Golubria    Chrm/Tloc      ###.......   1%          2    None
e - Ice Form              Ice/Tmut       ###.....     6%          4    ####...
f - Statue Form           Tmut/Erth      ####.....    67%         6    #######
g - Passage of Golubria   Tloc           N/A          4%          4    ####...
h - Blade Hands           Tmut           ####......   9%          5    #####..
i - Apportation           Tloc           ###.......   1%          1    None


Dungeon Overview and Level Annotations

Branches:
Dungeon (15/15)            Temple (0/1) D:5            Lair (6/6) D:9
 Shoals (3/4) Lair:3       Spider (1/4) Lair:2        Slime (0/5) Lair:6
    Orc (2/2) D:12            Elf (0/3) Orc:2        Vaults (0/5) D:13
 Depths: D:15

Altars:
Dithmenos
Kikubaaqudgha
Qazlal
Ru
Sif Muna
Trog
Xom
Yredelemnul

Shops:
D:4 [%:!   D:8 [   D:13 (   D:14 *   Orc:2 :**%%   Shoals:3 *

Annotations:
Lair:3 exclusions: oklob plant and 1 more exclusion
Lair:6 2 exclusions
Shoals:3 Mara fcking care!, Mara


Innate Abilities, Weirdness & Mutations

You are too large for most types of armour.
You have claws for hands.
Your metabolism is lightning-fast.
You like to eat raw meat.
You regenerate.
You are covered in fur. (AC +1)
You have very tough skin. (AC +2)
You have sharp toenails.
You are surrounded by a mild repulsion field. (EV +2)
You have a moderately thin skeletal structure. (Dex +4, Stealth+)
You are agile. (Dex +2)
You can translocate small distances at will.
Scrolls take you a little longer to read.
Your flesh is very cold resistant. (rC++)
You are resistant to hostile enchantments. (MR+)
You passively map a small area around you.
Your system is resistant to poisons. (rPois)
You are resistant to electric shocks. (rElec)


Message History

The jumping spider bites you.
* * * LOW HITPOINT WARNING * * *
You regained 16 hp, and now have 27/158 hp.
Evoke which item? (* to show all) (? for menu, Esc to quit)
You reach into the bag... ...and things crawl out!
The now-empty bag unravels in your hand.
You feel sick.
The demonic crawler hits you but does no damage. x2
The demonic crawler misses you.
The wolf spider hits you but does no damage.
The wolf spider bites you!
* * * LOW HITPOINT WARNING * * *
The redback bites you but does no damage.
The jumping spider pounces on you!
* * * LOW HITPOINT WARNING * * *
Xom roars with laughter!
The jumping spider bites you but does no damage.
The jumping spider pounces on you!
You die...
Xom titters!

...........≈ *
#≈#..........#≈
≈#............
###...#...#..... ,
######.#.#......#....,
#...#..........#..... ,
###††...†...s........# *
##...†..#...#s#...$# ,
####..†....^.#.s@s....#..s
#.....†......#a.ss....?#
#......†.>.†....#.."#......
##....#<..#...........#....
#.†..#....#...............
#.....#.....#..#.....#.#..
....#......#.^....#....#...
..........#............#..
........#.#...#.#.?#....#
,,


You could see 2 demonic crawlers, a wolf spider, 2 jumping spiders, a redback
and a friendly soldier ant.

Vanquished Creatures
  A frost giant (IceCv)
  The ghost of braks the Fighter, a journeyman DrAr of Nemelex Xobeh (D:13)
  Aizul (Shoals:2)
  Azrael (D:14)
  An ogre mage (Orc:1)
  7 hydras
  2 merfolk impalers
  3 vault guards (D:13)
  The ghost of R18 the Grappler, a journeyman MiMo of Dithmenos (D:10)
  Harold (Orc:1)
  A ghost crab (D:10)
  Erolcha (D:12)
  A merfolk aquamancer (Shoals:1)
  2 merfolk avatars (Shoals:1)
  4 centaur warriors
  3 orc high priests
  4 death yaks (Lair:4)
  A sun demon (Volcano)
  A hell knight (D:15)
  A sea snake (Shoals:1)
  A death drake (Spider:1)
  A lindwurm (shapeshifter) (Shoals:1)
  Pikel (D:7)
  An orc knight (D:12)
  6 hill giants
  An orb spider (Spider:1)
  7 harpies
  7 fauns
  2 deep elf magi
  5 orc sorcerers
  6 manticores
  A faun (shapeshifter) (D:15)
  3 ugly things
  4 cyclopes
  3 wolf spiders (Spider:1)
  3 water nymphs (Shoals:2)
  5 sirens
  A molten gargoyle (Volcano)
  6 black mambas
  Joseph (D:9)
  2 ice statues (IceCv)
  7 spiny frogs
  Psyche (D:9)
  2 gargoyles
  An efreet (D:11)
  2 rime drakes (Lair:3)
  2 komodo dragons
  A freezing wraith (D:14)
  2 red devils (Volcano)
  5 jumping spiders
  26 polar bears
  5 hornets
  6 merfolk
  7 trolls
  3 wind drakes
  7 two-headed ogres
  9 dream sheep
  10 hippogriffs
  9 blink frogs
  A meliai zombie (D:14)
  3 snapping turtles
  6 redbacks (Spider:1)
  14 spriggans
  42 yaks
  4 water elementals
  4 tarantellas (Spider:1)
  A basilisk (Lair:5)
  Sigmund (D:4)
  3 fire elementals (D:14)
  A wyvern (D:13)
  A human (D:10)
  9 fire bats
  A wraith (D:13)
  A hungry ghost (D:13)
  2 vampire mosquitoes (D:15)
  A warg (Orc:2)
  A mottled dragon (D:11)
  Menkaure (D:4)
  8 porcupines
  7 water moccasins
  The ghost of Zebulonius the Magician, an amateur DEFE of Vehumet (D:4)
  A floating eye (Shoals:1)
  2 soldier ants
  6 hell hounds
  3 slaves (D:7)
  2 ice beasts
  27 orc warriors
  2 phantoms
  5 black bears
  12 ogres
  A tengu (shapeshifter) (D:12)
  4 sky beasts
  52 wolves
  3 boggarts (Lair:6)
  13 crocodiles
  9 centaurs
  A big kobold (D:13)
  Blork the orc (D:4)
  11 bullfrogs
  2 wyvern zombies
  5 scorpions
  A water moccasin skeleton (D:4)
  14 killer bees
  17 wights
  5 electric eels (D:10)
  3 howler monkeys
  5 lava snakes (Volcano)
  9 crimson imps
  2 bullfrog zombies
  6 centaur zombies
  3 hounds
  26 orc priests
  7 jellies
  37 orc wizards
  13 worker ants
  5 iguanas
  3 hell rats (Lair:6)
  A killer bee zombie (D:5)
  3 hound skeletons
  A worker ant zombie (D:6)
  2 howler monkey zombies
  13 adders
  3 gnolls (D:2)
  A howler monkey skeleton (D:10)
  2 shadow imps
  4 oozes
  An adder zombie (D:5)
  2 dart slugs
  5 leopard geckos
  66 orcs
  4 ball pythons
  7 giant cockroaches
  8 hobgoblins
  9 jackals
  6 kobolds
  5 quokkas
  4 bats
  8 frilled lizards
  12 goblins
  A jackal skeleton (D:4)
  A jackal zombie (D:5)
  2 leopard gecko skeletons (D:4)
  7 rats
  8 plants
827 creatures vanquished.

Vanquished Creatures (collateral kills)
  2 orc high priests (Orc:2)
  A dream sheep (Lair:6)
  A hippogriff (Lair:2)
  2 redbacks (Spider:1)
  A bullfrog (D:13)
  3 orc priests (Orc:2)
  2 orc wizards (Orc:2)
12 creatures vanquished.

Vanquished Creatures (others)
  2 howler monkeys (D:14)
  4 orcs
  7 fungi
  7 plants
20 creatures vanquished.

Grand Total: 859 creatures vanquished

Notes
Turn   | Place    | Note
-------+----------+-------------------------------------------
     0 | D:1      | Kikal the Troll Chaos Knight began the quest for the Orb.
     0 | D:1      | Reached XP level 1. HP: 22/22 MP: 0/0
   192 | D:1      | XOM: divination: detect creatures
   219 | D:1      | Reached XP level 2. HP: 28/29 MP: 1/1
   553 | D:1      | XOM: mild Ice miscast
   585 | D:1      | XOM: mild Divn miscast
   684 | D:2      | Reached skill level 4 in Unarmed Combat
   726 | D:2      | Reached XP level 3. HP: 30/36 MP: 2/2
   779 | D:2      | Reached XP level 4. HP: 44/44 MP: 3/3
   828 | D:2      | Reached skill level 5 in Unarmed Combat
   837 | D:2      | XOM: god gift: scroll labeled ELUOVVILUST {god gift}
  1025 | D:2      | XOM: god gift: brown potion {god gift}
  1206 | D:3      | XOM: noise
  1343 | D:3      | Found a stormy altar of Qazlal.
  1507 | D:3      | XOM: smoke on damage
  1546 | D:3      | Reached XP level 5. HP: 49/50 MP: 4/4
  1708 | D:3      | XOM is BORED!
  1708 | D:3      | XOM: silly message
  1770 | D:4      | XOM: potion effect (agility)
  1776 | D:4      | Reached skill level 1 in Throwing
  1803 | D:4      | Found Himiud's Armour Emporium.
  1840 | D:4      | Noticed Blork the orc
  1848 | D:4      | Killed Blork the orc
  1849 | D:4      | Reached XP level 6. HP: 61/61 MP: 5/5
  1879 | D:4      | Noticed Zebulonius's ghost (amateur DEFE)
  1897 | D:4      | Killed Zebulonius's ghost
  2059 | D:4      | Noticed Menkaure
  2072 | D:4      | Reached XP level 7. HP: 63/70 MP: 6/6
  2096 | D:4      | Killed Menkaure
  2096 | D:4      | Reached skill level 6 in Unarmed Combat
  2138 | D:4      | XOM: mild Ice miscast
  2193 | D:4      | XOM: harmless Ice miscast
  2285 | D:4      | Found Puatular's Food Emporium.
  2287 | D:4      | Noticed Sigmund
  2299 | D:4      | Killed Sigmund
  2352 | D:4      | Found Zaremaeg's Distillery.
  2358 | D:4      | Bought a potion of mutation for 35 gold pieces
  2358 | D:4      | Gained mutation: You have a pair of small horns on your head. [potion of mutation]
  2358 | D:4      | Gained mutation: You occasionally shout uncontrollably at your foes. [potion of mutation]
  2358 | D:4      | Gained mutation: Your flesh is cold resistant. (rC+) [potion of mutation]
  2411 | D:4      | Found Lamoqie's Book Boutique.
  2469 | D:4      | XOM: god gift: scroll labeled QONLEI MOVOTUA {god gift}
  2666 | D:4      | Found a sacrificial altar of Ru.
  2678 | D:5      | Entered Level 5 of the Dungeon
  2679 | D:5      | Found a staircase to the Ecumenical Temple.
  2812 | D:5      | Found a shadowy altar of Dithmenos.
  2863 | D:5      | Reached skill level 7 in Unarmed Combat
  2899 | D:5      | Reached XP level 8. HP: 78/78 MP: 7/7
  2933 | D:5      | XOM: noise
  3133 | D:5      | XOM: harmless Pois miscast
  3176 | D:5      | Reached skill level 8 in Unarmed Combat
  4010 | D:6      | XOM: give mutations
  4010 | D:6      | Gained mutation: You possess an exceptional clarity of mind. [Xom's grace]
  4010 | D:6      | Gained mutation: You passively map a small area around you. [Xom's grace]
  4010 | D:6      | Gained mutation: You heal very quickly. [Xom's grace]
  4010 | D:6      | Gained mutation: You regenerate. [Xom's grace]
  4242 | D:7      | Noticed Pikel
  4258 | D:7      | XOM: cast spell 'Ring of Flames'
  4262 | D:7      | XOM: enchant monster (bad)
  4264 | D:7      | Killed Pikel
  4264 | D:7      | Reached skill level 9 in Unarmed Combat
  4264 | D:7      | Reached XP level 9. HP: 75/84 MP: 8/8
  4565 | D:7      | Reached skill level 5 in Dodging
  4567 | D:7      | XOM: scenery: 1 doors open, 1 doors close
  4766 | D:7      | XOM: smoke on damage
  4794 | D:7      | Learned a level 2 spell: Blink
  4797 | D:7      | Learned a level 2 spell: Repel Missiles
  4834 | D:7      | XOM: summons 1 hostile demon
  5123 | D:7      | XOM: god gift: dagger {god gift}
  5190 | D:7      | XOM: cleaving
  5389 | D:8      | Found a basalt altar of Yredelemnul.
  5391 | D:8      | XOM: destruction
  5393 | D:8      | Reached skill level 10 in Unarmed Combat
  5396 | D:8      | XOM: 1-stop teleportation journey
  5490 | D:8      | XOM: cast spell 'Dragon Form'
  5510 | D:8      | XOM: 1-stop teleportation journey
  5519 | D:8      | Reached skill level 5 in Fighting
  5569 | D:8      | Found Cuiladi's Antique Armour Emporium.
  5702 | D:8      | XOM: scenery: create altars
  5885 | D:8      | Reached skill level 1 in Spellcasting
  6039 | D:8      | XOM: god gift: thin smoking staff {god gift}
  6131 | D:8      | XOM: harmless Divn miscast
  6266 | D:9      | XOM: butterfly on damage
  6270 | D:9      | Reached XP level 10. HP: 51/98 MP: 9/11
  6327 | D:9      | Found an ancient bone altar of Kikubaaqudgha.
  6355 | D:9      | XOM: summons 2 hostile demons
  6435 | D:9      | Noticed Psyche
  6451 | D:9      | Killed Psyche
  6459 | D:9      | XOM: give mutations
  6459 | D:9      | Lost mutation: You occasionally shout uncontrollably at your foes. [Xom's mischief]
  6459 | D:9      | Gained mutation: Your flesh is very cold resistant. (rC++) [Xom's mischief]
  6459 | D:9      | Lost mutation: You passively map a small area around you. [Xom's mischief]
  6459 | D:9      | Gained mutation: Scrolls take you a little longer to read. [Xom's mischief]
  6680 | D:9      | Found a staircase to the Lair.
  6826 | D:9      | Noticed Joseph
  6845 | D:9      | Killed Joseph
  6845 | D:9      | Reached skill level 1 in Translocations
  6910 | D:9      | XOM: 4-stop teleportation journey
  6930 | D:9      | XOM: smoke on damage
  6937 | D:9      | XOM: cloud trail
  6973 | D:9      | Reached skill level 5 in Throwing
  6980 | D:9      | XOM: enchant monster (good)
  7032 | D:9      | XOM: harmless Summ miscast
  7089 | D:9      | XOM: noise
  7312 | D:10     | Entered Level 10 of the Dungeon
  7331 | D:10     | Learned a level 3 spell: Lesser Beckoning
  7334 | D:10     | Learned a level 2 spell: Shroud of Golubria
  7339 | D:10     | Learned a level 4 spell: Passage of Golubria
  7349 | D:10     | XOM: enchant monster (bad)
  7388 | D:10     | XOM: mild Air miscast
  7706 | D:10     | XOM: blink monster(s)
  7717 | D:10     | XOM: swap monsters
  7772 | D:10     | Noticed a gargoyle
  7777 | D:10     | Killed a gargoyle
  7804 | D:10     | XOM: scenery: create altars
  7842 | D:10     | Reached XP level 11. HP: 92/107 MP: 13/13
  7924 | D:10     | XOM: cast spell 'Dragon Form'
  8193 | D:10     | XOM: mild Fire miscast
  8244 | D:10     | XOM: noise
  8377 | D:10     | XOM: harmless Pois miscast
  8390 | D:10     | Noticed a ghost crab
  8390 | D:10     | a troll changed into a ghost crab
  8390 | D:10     | XOM: polymorph troll -> ghost crab
  8399 | D:10     | Killed a ghost crab
  8424 | D:10     | XOM: harmless Chrm miscast
  8439 | D:10     | Noticed a hill giant
  8440 | D:10     | XOM: chaos upgrade
  8449 | D:10     | Killed a hill giant
  8449 | D:10     | Reached skill level 5 in Translocations
  8521 | D:10     | Noticed R18's ghost (journeyman MiMo)
  8548 | D:10     | Killed R18's ghost
  8548 | D:10     | Reached skill level 1 in Charms
  8548 | D:10     | Reached skill level 1 in Air Magic
  9067 | D:11     | XOM: divination: detect items
  9389 | D:11     | Reached skill level 1 in Armour
  9399 | D:11     | XOM: 3-stop teleportation journey
  9450 | D:11     | Noticed a cyan ugly thing
  9485 | D:11     | XOM: cloud trail
  9527 | D:11     | XOM: cast spell 'Statue Form'
  9534 | D:11     | Killed a cyan ugly thing
  9747 | D:11     | Noticed a hill giant
  9755 | D:11     | Killed a hill giant
 10233 | D:12     | XOM: confuse monster(s)
 10245 | D:12     | Gained mutation: You have a somewhat thin skeletal structure. (Dex +2, Stealth) [mutagenic meat]
 10291 | D:12     | Noticed a hill giant
 10299 | D:12     | Killed a hill giant
 10336 | D:12     | Found a staircase to the Orcish Mines.
 10443 | D:12     | Lost mutation: You have a pair of small horns on your head. [potion of mutation]
 10443 | D:12     | Gained mutation: You passively map a small area around you. [potion of mutation]
 10469 | D:12     | Noticed a hill giant
 10475 | D:12     | Killed a hill giant
 10475 | D:12     | Reached XP level 12. HP: 108/118 MP: 14/14
 10828 | Lair:1   | Entered Level 1 of the Lair of Beasts
 10849 | Lair:1   | XOM: 1-stop teleportation journey
 10853 | Lair:1   | Reached skill level 11 in Unarmed Combat
 10854 | Lair:1   | XOM: summons friendly ufetubus
 10856 | Lair:1   | XOM: enchant monster (good)
 10870 | Lair:1   | XOM: scenery: create altars
 10872 | Lair:1   | XOM: god gift: meat ration
 10874 | Lair:1   | XOM: blink monster(s)
 10882 | Lair:1   | XOM: potion effect (agility)
 10897 | Lair:1   | HP: 13/265 [water moccasin (3)]
 10905 | Lair:1   | XOM: cloud trail
 11264 | Lair:1   | Reached skill level 5 in Armour
 11321 | Lair:1   | Found a dark tunnel.
 11330 | Volcano  | Entered a volcano
 11418 | Volcano  | XOM: cleaving
 11432 | Volcano  | XOM: cleaving
 11437 | Volcano  | XOM: divination: magic mapping
 11449 | Volcano  | XOM: fog
 11513 | Volcano  | Found a burning altar of Makhleb.
 11514 | Volcano  | XOM: cleaving
 11524 | Volcano  | XOM: scenery: 2 doors open, 1 doors close
 11556 | Volcano  | Paralysed by an orc sorcerer for 7 turns
 11572 | Volcano  | XOM: polymorph hellwing -> chaos spawn
 11621 | Volcano  | XOM: scenery: create altars
 11761 | Lair:1   | Gained mutation: You expend magic power (3 MP) to strengthen your wands. [potion of mutation]
 11761 | Lair:1   | Lost mutation: You possess an exceptional clarity of mind. [potion of mutation]
 11887 | Lair:1   | XOM: summons friendly quasit
 12512 | Lair:2   | XOM: summons friendly ufetubus
 12518 | Lair:2   | XOM: give mutations
 12518 | Lair:2   | Gained mutation: You can translocate small distances at will. [Xom's grace]
 12518 | Lair:2   | Gained mutation: You have sharp toenails. [Xom's grace]
 12518 | Lair:2   | Gained mutation: You possess an exceptional clarity of mind. [Xom's grace]
 12552 | Lair:2   | XOM: polymorph ufetubus -> crimson imp
 12606 | Lair:2   | XOM: noise
 12627 | Lair:2   | Noticed a seven-headed hydra
 12637 | Lair:2   | Killed a seven-headed hydra
 12721 | Lair:2   | Learned a level 1 spell: Apportation
 12841 | Lair:2   | Found a hole to the Spider Nest.
 12878 | Lair:2   | Learned a level 4 spell: Ice Form
 13261 | Lair:2   | Reached skill level 1 in Transmutations
 13432 | Lair:3   | Reached XP level 13. HP: 90/131 MP: 17/17
 13644 | Lair:3   | Found a stormy altar of Qazlal.
 13745 | Lair:3   | XOM: summons 4 friendly demons
 13803 | Lair:3   | XOM: 2-stop teleportation journey
 13805 | Lair:3   | XOM: god gift: sack of spiders
 14039 | Lair:3   | XOM: 2-stop teleportation journey
 14125 | Lair:3   | Reached skill level 12 in Unarmed Combat
 14132 | Lair:3   | XOM: divination: detect items
 14146 | Lair:3   | Found a staircase to the Shoals.
 14278 | Lair:3   | XOM: give mutations
 14278 | Lair:3   | Gained mutation: You are robust. (+10% HP) [Xom's grace]
 14278 | Lair:3   | Gained mutation: Your muscles are strong. (Str +2) [Xom's grace]
 14278 | Lair:3   | Gained mutation: You are resistant to electric shocks. (rElec) [Xom's grace]
 14278 | Lair:3   | Gained mutation: You have a moderately thin skeletal structure. (Dex +4, Stealth+) [Xom's grace]
 14422 | Lair:4   | Found a stormy altar of Qazlal.
 14507 | Lair:4   | XOM: scenery: create altars
 15290 | Lair:4   | XOM: scenery: create altars
 15379 | Lair:4   | XOM: god gift: scroll labeled NINAM IHUDIOM {god gift}
 15384 | Lair:4   | XOM: scenery: create altars
 15439 | Lair:4   | XOM: god gift: chain mail {god gift}
 15533 | Lair:4   | XOM: god gift: brass ring {god gift}
 15735 | Lair:4   | XOM: summons 2 friendly demons
 15744 | Lair:4   | XOM: enchant monster (good)
 15749 | Lair:4   | XOM: cast spell 'Necromutation'
 15781 | Lair:4   | XOM: 1-stop teleportation journey
 15888 | Lair:4   | XOM: divination: detect creatures
 15943 | Lair:5   | XOM: destruction
 16089 | Lair:5   | XOM: cast spell 'Olgreb's Toxic Radiance'
 16218 | Lair:5   | XOM: god gift: scroll of enchant weapon
 16229 | Lair:5   | Reached skill level 5 in Spellcasting
 16429 | Lair:5   | You fall through a shaft!
 16429 | Lair:6   | Entered Level 6 of the Lair of Beasts
 16561 | Lair:6   | Found a staircase to the Slime Pits.
 16643 | Lair:6   | XOM: enchant monster (good)
 16761 | Lair:6   | XOM: polymorph hell rat -> boggart
 16782 | Lair:6   | Found a frozen archway.
 16792 | IceCv    | Entered an ice cave
 16793 | IceCv    | XOM: mild Fire miscast
 16804 | IceCv    | XOM: enchant monster (good)
 16810 | IceCv    | XOM: potion effect (might)
 16826 | IceCv    | XOM: potion effect (haste)
 16871 | IceCv    | XOM: 1-stop teleportation journey
 16874 | IceCv    | XOM: harmless Pois miscast
 16876 | IceCv    | Reached skill level 5 in Transmutations
 16916 | IceCv    | Reached XP level 14. HP: 149/154 MP: 21/21
 16978 | IceCv    | Noticed a frost giant
 16983 | IceCv    | XOM: destruction
 16998 | IceCv    | Killed a frost giant
 17006 | IceCv    | XOM: confuse monster(s)
 17037 | IceCv    | XOM: silly message
 17245 | IceCv    | Reached XP level 15. HP: 160/160 MP: 21/24
 17410 | Lair:6   | XOM: destruction
 17412 | Lair:6   | XOM: summons 9 friendly demons
 17931 | Lair:5   | XOM: fog
 18156 | Lair:6   | XOM: harmless Divn miscast
 18189 | Lair:6   | Paralysed by a hornet for 1 turns
 18190 | Lair:6   | XOM: cast spell 'Summon Ice Beast'
 18378 | Lair:6   | XOM: polymorph spriggan rider -> four-headed hydra
 18380 | Lair:6   | XOM: cast spell 'Summon Small Mammal'
 18395 | Lair:6   | XOM: cleaving
 18528 | Lair:6   | Learned a level 5 spell: Blade Hands
 18901 | Orc:1    | Entered Level 1 of the Orcish Mines
 18902 | Orc:1    | Noticed Erolcha
 18908 | Orc:1    | XOM: cast spell 'Olgreb's Toxic Radiance'
 18912 | D:12     | Killed Erolcha
 18931 | D:12     | XOM: divination: magic mapping
 18947 | D:12     | XOM: medium Tmut miscast
 19148 | D:12     | XOM: cloud trail
 19408 | Orc:1    | XOM: god gift: 5 meat rations
 19546 | Orc:1    | Found a bloodstained altar of Trog.
 19742 | Orc:2    | Entered Level 2 of the Orcish Mines
 19750 | Orc:2    | Found a staircase to the Elven Halls.
 19774 | Orc:1    | Reached skill level 13 in Unarmed Combat
 19990 | Orc:2    | XOM: scenery: create altars
 20092 | Orc:2    | XOM: scenery: create altars
 20121 | Orc:2    | Found Ingurchum's Food Shoppe.
 20223 | Orc:1    | Noticed Harold
 20236 | Orc:1    | Killed Harold
 20245 | Orc:1    | XOM: give mutations
 20245 | Orc:1    | Gained mutation: Your system is resistant to poisons. (rPois) [Xom's grace]
 20245 | Orc:1    | Gained mutation: You are surrounded by a mild repulsion field. (EV +2) [Xom's grace]
 20246 | Orc:1    | nice Xom
 20292 | Orc:1    | XOM: scenery: create altars
 20845 | Orc:2    | XOM: cast spell 'Death Channel'
 20881 | Orc:2    | Reached skill level 1 in Ice Magic
 20882 | Orc:2    | Found Vooxayl's Book Emporium.
 20882 | Orc:2    | Found Emerph's Assorted Antiques.
 20905 | Orc:2    | Found Nonu's General Store.
 20905 | Orc:2    | Found Nab Xura's Food Shoppe.
 20951 | Orc:2    | Bought a potion of haste for 240 gold pieces
 20953 | Orc:2    | Bought a book of the Earth for 715 gold pieces
 21371 | D:13     | Found a shadowy altar of Dithmenos.
 21396 | D:13     | Found Teul's Weapon Boutique.
 21403 | D:13     | XOM: 1-stop teleportation journey
 21586 | D:13     | Noticed braks's ghost (journeyman DrAr)
 21593 | D:13     | XOM: give mutation
 21593 | D:13     | Lost mutation: Your muscles are strong. (Str +2) [Xom's mischief]
 21598 | D:13     | XOM: confuse monster(s)
 21600 | D:13     | Killed braks's ghost
 21657 | D:13     | XOM: enchant monster (bad)
 21659 | D:13     | XOM: blink monster(s)
 21837 | D:12     | XOM: medium Tloc miscast
 21976 | D:13     | XOM: medium Tmut miscast
 21987 | D:13     | Found a gate to the Vaults.
 21997 | D:13     | XOM: noise
 22004 | D:13     | XOM: destruction
 22013 | D:13     | XOM: summons friendly shadow imp
 22014 | D:13     | XOM: summons 2 friendly demons
 22050 | D:13     | XOM: mild Air miscast
 22537 | D:14     | Found Foemuen's Assorted Antiques.
 22538 | D:14     | XOM: fake destruction
 22544 | D:14     | XOM: cleaving
 22616 | D:14     | Noticed Azrael
 22623 | D:14     | XOM: harmless Ice miscast
 22624 | D:14     | shiit
 22627 | D:14     | XOM: cast spell 'Death Channel'
 22629 | D:14     | XOM: summons 2 hostile demons
 22637 | D:14     | Killed Azrael
 22644 | D:14     | Reached XP level 16. HP: 152/171 MP: 19/26
 22762 | D:14     | XOM: summons 2 hostile shadow creatures
 22812 | D:14     | Learned a level 6 spell: Statue Form
 23099 | D:14     | Reached skill level 1 in Earth Magic
 23389 | D:15     | Entered Level 15 of the Dungeon
 23434 | D:15     | XOM: enchant monster (bad)
 23465 | D:15     | XOM: medium Pois miscast
 23472 | D:15     | XOM: torment (62/205 hp)
 23659 | D:15     | XOM: mild Conj miscast
 23660 | D:15     | XOM: give mutations
 23660 | D:15     | Lost mutation: You possess an exceptional clarity of mind. [Xom's mischief]
 23660 | D:15     | Lost mutation: You are robust. (+10% HP) [Xom's mischief]
 23697 | D:15     | Lost mutation: You expend magic power (3 MP) to strengthen your wands. [mutagenic meat]
 23707 | D:15     | Found a deep blue altar of Sif Muna.
 23707 | D:15     | XOM: 5-stop teleportation journey
 23967 | Lair:3   | fuuck hate this shit
 23968 | Shoals:1 | Entered Level 1 of the Shoals
 24008 | Shoals:1 | XOM: 1-stop teleportation journey
 24074 | Shoals:1 | XOM: destruction
 24075 | Shoals:1 | XOM: cleaving
 24235 | Shoals:1 | XOM: polymorph faun -> floating eye
 24242 | Shoals:1 | XOM: god gift: book of Transfigurations
 24459 | Shoals:1 | XOM: polymorph dream sheep -> lindwurm
 24614 | Shoals:1 | XOM: cleaving
 24628 | Shoals:1 | Reached skill level 5 in Earth Magic
 24726 | Shoals:1 | XOM: 6-stop teleportation journey
 24933 | Shoals:1 | XOM: 3-stop teleportation journey
 25046 | Shoals:2 | XOM: scenery: create altars
 25103 | Shoals:2 | XOM: cleaving
 25116 | Shoals:2 | Noticed Aizul
 25119 | Shoals:2 | XOM: scenery: create altars
 25132 | Shoals:2 | Killed Aizul
 25262 | Shoals:2 | XOM: smoke on damage
 25294 | Shoals:2 | XOM: god gift: bone ring {god gift}
 25304 | Shoals:2 | XOM: fog
 25309 | Shoals:2 | XOM: cleaving
 25382 | Shoals:2 | XOM: potion effect (agility)
 25455 | Shoals:2 | XOM: fog
 25949 | Shoals:3 | Found Duitiv's Assorted Antiques.
 26270 | Shoals:3 | Noticed Mara
 26353 | Lair:2   | XOM: god gift: fustibalus {god gift}
 26412 | Lair:1   | XOM: give mutations
 26412 | Lair:1   | Gained mutation: You are resistant to hostile enchantments. (MR+) [Xom's grace]
 26412 | Lair:1   | Gained mutation: You are agile. (Dex +2) [Xom's grace]
 26478 | Spider:1 | Entered Level 1 of the Spider Nest
 26488 | Spider:1 | XOM: confuse monster(s)
 26491 | Spider:1 | XOM: polymorph redback -> death drake
 26498 | Spider:1 | XOM: summons 3 hostile demons
 26534 | Spider:1 | XOM: confuse monster(s)
 26667 | Spider:1 | Reached skill level 10 in Fighting
 26680 | Spider:1 | HP: 7/158 [demonic crawler (3)]
 26680 | Spider:1 | HP: 3/158 [jumping spider (1)]
 26683 | Spider:1 | HP: 1/158 [jumping spider (15)]
 26683 | Spider:1 | Mangled by a jumping spider

Skill      XL: |  1  2  3  4  5  6  7  8  9 10 11 12 13 14 15 16 |
---------------+-------------------------------------------------+-----
Unarmed Combat | 4 5 7 9 10 11 12 13 | 13.7
Fighting       | 3 4 5 6 7 9 10 | 10.0
Throwing       | 2 3 4 6 |  6.1
Dodging        | 2 4 5 6 7 |  7.0
Spellcasting   | 1 2 3 5 7 |  7.7
Translocations | 4 5 6 |  6.0
Charms         | 2 3 |  3.5
Air Magic      | 3 |  3.5
Armour         | 3 5 6 |  6.0
Transmutations | 1 5 7 |  7.3
Ice Magic      | 3 4 |  4.4
Earth Magic    | 6 |  6.0

Action                   |  1- 3 |  4- 6 |  7- 9 | 10-12 | 13-15 | 16-18 || total
-------------------------+-------+-------+-------+-------+-------+-------++-------
Melee: Unarmed           |    61 |   156 |   376 |   804 |  1248 |   533 ||  3178
       Punch             |     2 |     3 |    10 |    35 |    75 |    34 ||   159
       Headbutt          |       |       |    42 |    74 |       |       ||   116
       Bite              |       |       |     1 |       |       |       ||     1
       Tailslap          |       |       |       |     2 |       |       ||     2
       Kick              |       |       |       |    31 |   423 |   189 ||   643
Throw: Stone             |     3 |     4 |     1 |     8 |       |       ||    16
       Large rock        |       |       |       |     8 |    26 |     9 ||    43
       Javelin           |       |       |       |       |     7 |       ||     7
 Cast: Repel Missiles    |       |       |       |     3 |     2 |     8 ||    13
       Shroud of Golubri |       |       |       |     1 |     4 |       ||     5
       Apportation       |       |       |       |     1 |       |       ||     1
       Blink             |       |       |       |       |     9 |     1 ||    10
       Lesser Beckoning  |       |       |       |       |     4 |     8 ||    12
       Ice Form          |       |       |       |       |     2 |     8 ||    10
       Blade Hands       |       |       |       |       |     2 |     3 ||     5
Evoke: Rod               |       |       |       |     2 |       |       ||     2
       Wand              |       |       |       |       |     7 |       ||     7
       Sack of spiders   |       |       |       |       |       |     1 ||     1
  Use: Scroll            |       |     1 |     9 |     7 |    13 |     1 ||    31
       Potion            |       |       |     2 |    13 |     1 |     3 ||    19
 Stab: Petrified         |       |       |       |     7 |     1 |       ||     8
       Confused          |       |       |       |     2 |     1 |     1 ||     4
       Sleeping          |       |       |       |     1 |     9 |     2 ||    12
       Paralysed         |       |       |       |     3 |       |       ||     3
       Distracted        |       |       |       |     1 |     3 |       ||     4
       Petrifying        |       |       |       |       |     1 |       ||     1
  Eat: Chunk             |    13 |    11 |    36 |    71 |    89 |    43 ||   263
Armor: Robe              |    20 |    66 |   127 |   115 |   156 |   243 ||   727
       Skin              |       |       |     6 |    73 |     8 |    21 ||   108
       Mottled dragon sc |       |       |       |   247 |   511 |       ||   758
Dodge: Dodged            |    22 |    87 |   132 |   448 |   867 |   438 ||  1994
       Deflected         |       |       |       |     4 |     8 |    22 ||    34
